 Dungeon Crawl Stone Soup version 0.27-a0-1206-g6342a01c75 (webtiles) character file.

Game seed: 10958408685911600331

200 Gargoyl the Skirmisher (level 5, 0/47 HPs)
             Began as a Gnoll Abyssal Knight on June 5, 2021.
             Was a Believer of Lugonu.
             Slain by an ice beast (9 damage)
             ... on level 4 of the Dungeon.
             The game lasted 00:03:56 (4001 turns).

Gargoyl the Skirmisher (Gnoll Abyssal Knight)       Turns: 4001, Time: 00:03:57

Health: 0/47       AC: 10    Str: 13    XL:     5   Next: 78%
Magic:  8/8        EV:  6    Int: 11    God:    Lugonu [**....]
Gold:   95         SH:  0    Dex: 11    Spells: 7/7 levels left

rFire    . . .     SeeInvis .   a - +1 hand axe
rCold    . . .     Faith    .   (no shield)
rNeg     . . .     Spirit   .   c - +1 chain mail
rPois    .         Reflect  .   (no helmet)
rElec    .         Harm     .   (no cloak)
rCorr    .         Rampage  .   (no gloves)
Will     .....                  (no boots)
Stlth    ..........             (no amulet)
HPRegen  0.15/turn              (no ring)
MPRegen  0.11/turn              (no ring)

@: no status effects
A: fangs 1, strong nose, distributed training
a: Renounce Religion, Depart the Abyss, Bend Space


You were on level 4 of the Dungeon.
You worshipped Lugonu.
Lugonu was pleased with you.
You visited 1 branch of the dungeon, and saw 4 of its levels.
You visited the Abyss 1 time.

You collected 95 gold pieces.

Inventory:

Hand Weapons
 a - a +1 hand axe (weapon)
Missiles
 f - 12 poisoned darts (quivered)
Armour
 c - a +1 chain mail (worn)
Scrolls
 d - a scroll of fear
Potions
 b - a potion of haste
 e - a potion of curing
 g - 3 potions of mutation {unknown}
 h - a potion of might {unknown}
 i - a potion of lignification {unknown}


   Skills:
 + Level 6.7 Fighting
 + Level 1.6 Short Blades
 + Level 1.6 Long Blades
 + Level 4.8 Axes
 + Level 1.6 Maces & Flails
 + Level 1.6 Polearms
 + Level 1.6 Staves
 + Level 1.6 Slings
 + Level 1.6 Bows
 + Level 1.6 Crossbows
 + Level 1.6 Throwing
 + Level 4.8 Armour
 + Level 3.0 Dodging
 + Level 1.6 Stealth
 + Level 1.6 Shields
 + Level 1.6 Unarmed Combat
 + Level 1.6 Spellcasting
 + Level 1.3 Conjurations
 + Level 1.3 Hexes
 + Level 1.3 Summonings
 + Level 1.3 Necromancy
 + Level 1.3 Translocations
 + Level 1.3 Transmutations
 + Level 1.3 Fire Magic
 + Level 1.3 Ice Magic
 + Level 1.3 Air Magic
 + Level 1.3 Earth Magic
 + Level 1.3 Poison Magic
 + Level 4.9 Invocations
 + Level 1.6 Evocations


You had 7 spell levels left.
You didn't know any spells.
Your spell library contained the following spells:

 Spells                   Type           Power      Damage    Failure   Level
 Sandblast                Erth           6%         2d5       99%         1
 Passwall                 Tmut/Erth      2%         N/A       100%        2
 Stone Arrow              Conj/Erth      6%         3d7       100%        3
 Petrify                  Tmut/Erth      3%         N/A       100%        4
 Lee's Rapid Deconstruct  Erth           1%         3d5*      100%        5


Dungeon Overview and Level Annotations

Branches:
Dungeon (4/15)
 Temple: D:4-7

Altars:
Cheibriados
Hepliaklqana
Makhleb
Okawaru


Innate Abilities, Weirdness & Mutations

You have very sharp teeth.
Your uncanny sense of smell can sniff out nearby items.
Your experience applies equally to all skills.


Message History

The ice beast is heavily wounded.
The ice beast hits you but does no damage.
Unknown command.
You hit the ice beast.
The ice beast is heavily wounded.
The ice beast hits you but does no damage.
Unknown command.
You hit the ice beast.
You bite the ice beast, but do no damage.
The ice beast is severely wounded.
The ice beast hits you. The ice beast freezes you!
You hit the ice beast.
The ice beast is severely wounded.
The ice beast barely misses you.
Unknown command.
You hit the ice beast but do no damage.
The ice beast is severely wounded.
The ice beast hits you. The ice beast freezes you.
You hit the ice beast but do no damage.
The ice beast is severely wounded.
The ice beast hits you but does no damage.
Unknown command.
You hit the ice beast but do no damage.
The ice beast is severely wounded.
The ice beast hits you. The ice beast freezes you!
You hit the ice beast.
The ice beast is severely wounded.
The ice beast hits you but does no damage.
Unknown command.
You hit the ice beast.
You bite the ice beast, but do no damage.
The ice beast is almost dead.
The ice beast hits you. The ice beast freezes you!
* * * LOW HITPOINT WARNING * * *
You hit the ice beast but do no damage.
The ice beast is almost dead.
The ice beast hits you.
* * * LOW HITPOINT WARNING * * *
The ice beast freezes you!
You die...

#. ##....# # ## .#
#.##..##.### # ..#...
#....#####_## # ...
#.##..<# ##...## ##
...#....#.###⌠.#.⌠# #.
#.####.#...##...####.
#.......######.##....
#...Y....>.#.#∩####..
###.@####..∩[...##...
#...####..#.#∩##....
#..#...###.###.####..
#.####.###.##...###..
#. #...#.#⌠.#.⌠#... #
###..###...##..# ...
##. ######..###_##....
..
..∆..........####..##.
#.. ..
#########.†........


You could see an ice beast.

Vanquished Creatures
  Natasha (thrice) (D:2)
  4 gnolls (D:3)
  2 adders
  A worm (D:3)
  A dart slug (D:3)
  An orc (D:4)
  4 endoplasms
  2 giant cockroaches
  11 hobgoblins
  3 jackals (D:2)
  3 kobolds (D:1)
  4 quokkas
  7 ball pythons
  5 bats
  2 frilled lizards
  5 goblins
  5 rats
63 creatures vanquished.

Vanquished Creatures (others)
  A plant (D:4)
1 creature vanquished.

Grand Total: 64 creatures vanquished

Notes
Turn   | Place    | Note
-------+----------+-------------------------------------------
     0 | Abyss:1  | Gargoyl the Gnoll Abyssal Knight began the quest for the
                  | Orb.
     0 | Abyss:1  | Reached XP level 1. HP: 23/23 MP: 3/3
    74 | Abyss:1  | Noticed an orange demon
    92 | Abyss:1  | Noticed a large abomination
    93 | D:1      | Escaped the Abyss
   160 | D:1      | Reached * piety under Lugonu
   185 | D:1      | Reached XP level 2. HP: 26/29 MP: 5/5
   410 | D:1      | Found a faded altar of an unknown god.
  1044 | D:2      | Reached XP level 3. HP: 33/35 MP: 6/6
  1061 | D:2      | Noticed Natasha
  1072 | D:2      | Killed Natasha
  1213 | D:2      | Noticed Natasha
  1231 | D:2      | Killed Natasha
  1232 | D:2      | Reached skill level 1 in Short Blades
  1232 | D:2      | Reached skill level 1 in Long Blades
  1232 | D:2      | Reached skill level 1 in Maces & Flails
  1232 | D:2      | Reached skill level 1 in Polearms
  1232 | D:2      | Reached skill level 1 in Staves
  1232 | D:2      | Reached skill level 1 in Slings
  1232 | D:2      | Reached skill level 1 in Bows
  1232 | D:2      | Reached skill level 1 in Crossbows
  1232 | D:2      | Reached skill level 1 in Throwing
  1232 | D:2      | Reached skill level 1 in Stealth
  1232 | D:2      | Reached skill level 1 in Shields
  1232 | D:2      | Reached skill level 1 in Unarmed Combat
  1232 | D:2      | Reached skill level 1 in Spellcasting
  1232 | D:2      | Reached skill level 1 in Evocations
  1232 | D:2      | Reached XP level 4. HP: 22/41 MP: 7/7
  1500 | D:2      | Noticed Natasha
  1513 | D:2      | Killed Natasha
  1514 | D:2      | Reached skill level 1 in Conjurations
  1514 | D:2      | Reached skill level 1 in Hexes
  1514 | D:2      | Reached skill level 1 in Summonings
  1514 | D:2      | Reached skill level 1 in Necromancy
  1514 | D:2      | Reached skill level 1 in Translocations
  1514 | D:2      | Reached skill level 1 in Transmutations
  1514 | D:2      | Reached skill level 1 in Fire Magic
  1514 | D:2      | Reached skill level 1 in Ice Magic
  1514 | D:2      | Reached skill level 1 in Air Magic
  1514 | D:2      | Reached skill level 1 in Earth Magic
  1514 | D:2      | Reached skill level 1 in Poison Magic
  1840 | D:2      | Reached XP level 5. HP: 43/47 MP: 8/8
  2136 | D:2      | Reached ** piety under Lugonu
  2564 | D:3      | Found an iron altar of Okawaru.
  3596 | D:3      | Found a snail-covered altar of Cheibriados.
  3690 | D:4      | Noticed an ice beast
  3805 | D:4      | Found a hazy altar of Hepliaklqana.
  3818 | D:4      | Found a burning altar of Makhleb.
  4001 | D:4      | Slain by an ice beast

Illustrated notes

Levels and vault maps discovered:
D:1:      shiori_arrival_oz, layout_loops_ring, basic_ecumenical_altar,
          chequers_serial_rivers_large_b, skrybe_limestone_x,
          minmay_misc_feat_diagonals
D:2:      minmay_skewed_foursquare, layout_basic, minmay_cupped, uniq_natasha
D:3:      layout_basic, okawaru_trees_2, kennysheep_slug_shrine,
          serial_corexii_hall, corexii_hall_statues_t, corexii_hall_statues_x
D:4:      layout_rooms, amethyst_overflow_temple_binary, serial_bayou,
          serial_bayou_shore_b, serial_bayou_shore_b, serial_bayou_pond_c,
          serial_bayou_lake_a, minmay_misc_feat_alley

Skill      XL: |  1  2  3  4  5 |
---------------+----------------+-----
Short Blades   | 1 |  1.6
Long Blades    | 1 |  1.6
Maces & Flails | 1 |  1.6
Polearms       | 1 |  1.6
Staves         | 1 |  1.6
Slings         | 1 |  1.6
Bows           | 1 |  1.6
Crossbows      | 1 |  1.6
Throwing       | 1 |  1.6
Stealth        | 1 |  1.6
Shields        | 1 |  1.6
Unarmed Combat | 1 |  1.6
Spellcasting   | 1 |  1.6
Evocations     | 1 |  1.6
Conjurations   | 1 |  1.3
Hexes          | 1 |  1.3
Summonings     | 1 |  1.3
Necromancy     | 1 |  1.3
Translocations | 1 |  1.3
Transmutations | 1 |  1.3
Fire Magic     | 1 |  1.3
Ice Magic      | 1 |  1.3
Air Magic      | 1 |  1.3
Earth Magic    | 1 |  1.3
Poison Magic   | 1 |  1.3
Dodging        | 3 |  3.0
Fighting       | |  6.7
Axes           | |  4.8
Armour         | |  4.8
Invocations    | |  4.9

Action                   |  1- 3 |  4- 6 || total
-------------------------+-------+-------++-------
Melee: Hand axe          |    78 |   182 ||   260
       Bite              |     1 |    15 ||    16
       Punch             |       |     1 ||     1
Throw: Dart              |     4 |     6 ||    10
Invok: Depart the Abyss  |     1 |       ||     1
  Use: Scroll            |     4 |     5 ||     9
Armor: Chain mail        |    33 |   141 ||   174
Dodge: Dodged            |    25 |    64 ||    89

Table legend: (Time is in decaauts)
 A = Elapsed time spent in this place.
 B = Non-inter-level travel time spent in this place.
 C = Inter-level travel time spent in this place.
 D = Time resting spent in this place.
 E = Time spent auto-exploring this place.
 F = Levels seen in this place.
 G = Mean time per level.
                   A        B        C        D        E       F      G
               +--------+--------+--------+--------+--------+-----+--------+
         Total |   4084 |   3965 |    119 |    249 |   3009 |   5 |  816.8 |
       Dungeon |   3991 |   3872 |    119 |    249 |   2934 |   4 |  997.8 |
         Abyss |     93 |     93 |      0 |      0 |     75 |   1 |   93.0 |
               +--------+--------+--------+--------+--------+-----+--------+

Top non-repeatable levels by time:
     D:2: 1555 daAuts
     D:3: 1162 daAuts
     D:1: 952 daAuts
     D:4: 320 daAuts
 Abyss:1: 93 daAuts
